 Dungeon Crawl Stone Soup version 0.29.0-5-ge4962eb29e (webtiles) character file.

Game seed: 5258262627081129358

179 apoch the Chopper (level 5, -5/45 HPs)
             Began as a Minotaur Fighter on Aug 28, 2022.
             Slain by Pikel
             ... wielding a +2 whip of flaming
              (7 damage)
             ... on level 4 of the Dungeon.
             The game lasted 00:03:49 (3242 turns).

apoch the Chopper (Minotaur Fighter)                Turns: 3242, Time: 00:03:49

Health: -5/45      AC:  6    Str: 22    XL:     5   Next: 32%
Magic:  4/4        EV:  9    Int:  5    God:
Gold:   179        SH:  4    Dex: 10    Spells: 4/4 levels left

rFire   + . .      SeeInvis .   a - +0 war axe
rCold   + . .      Faith    .   c - +0 buckler
rNeg    . . .      Spirit   .   b - +0 scale mail
rPois   .          Reflect  .   (helmet restricted)
rElec   .          Harm     .   o - scarf {rC+ rF+}
rCorr   .          Rampage  .   (no gloves)
Will    .....                   (no boots)
Stlth   ..........              (no amulet)
HPRegen 0.15/turn               (no ring)
MPRegen 0.09/turn               (no ring)

@: mighty
A: horns 2, retaliatory headbutt
a: no special abilities


You were on level 4 of the Dungeon.
You visited 1 branch of the dungeon, and saw 4 of its levels.

You collected 179 gold pieces.

Inventory:

Hand Weapons
 a - a +0 war axe (weapon)
Missiles
 g - 10 poisoned darts
Armour
 b - a +0 scale mail (worn)
 c - a +0 buckler (worn)
 m - a +0 cloak of stealth
 o - a scarf of resistance (worn)
Jewellery
 u - an amulet of guardian spirit
Wands
 k - a wand of paralysis (12)
Scrolls
 p - a scroll of silence {unknown}
 q - a scroll of noise {unknown}
 r - a scroll of poison {unknown}
 s - a scroll of amnesia {unknown}
 t - 2 scrolls of vulnerability {unknown}
 v - a scroll of fear {unknown}
Potions
 d - 2 potions of might
 e - a potion of flight {unknown}
 f - 3 potions of mutation {unknown}
 h - a potion of haste {unknown}
 i - 2 potions of attraction {unknown}
 j - a potion of brilliance {unknown}
 l - 4 potions of curing
 n - a potion of lignification {unknown}
 w - 2 potions of resistance {unknown}


   Skills:
 - Level 3.6 Fighting
 * Level 6.8 Axes
 - Level 3.6 Armour
 - Level 3.6 Shields


You had 4 spell levels left.
You didn't know any spells.
Your spell library contained the following spells:

 Spells                   Type           Power      Damage    Failure   Level
 Frozen Ramparts          Ice            0%         1d1       99%         3
 Ice Form                 Ice/Tmut       0%         N/A       100%        4
 Summon Ice Beast         Ice/Summ       0%         N/A       100%        4


Dungeon Overview and Level Annotations

Branches:
Dungeon (4/15)
 Temple: D:4-7

Altars:
Xom

Shops:
D:4 *

Annotations:
D:4 3 runed translucent doors, ChongLi's ghost, amateur DgAE; Pikel


Innate Abilities, Weirdness & Mutations

You have a pair of horns on your head.
You reflexively headbutt those who attack you in melee.


Message History

The lemure shouts!
You slash the lemure!
You kill the lemure!
That felt strangely unrewarding.
Pikel zaps a wand.
The bolt of dispelling energy hits you!
You are too injured to fight recklessly!
You feel very mighty all of a sudden.
You completely miss Pikel.
Pikel hits you with a +2 whip of flaming.
Pikel burns you.
You barely miss Pikel. Pikel barely misses you.
You slash Pikel!
Pikel is moderately wounded.
Pikel hits you with a +2 whip of flaming.
You closely miss Pikel.
Pikel is moderately wounded.
Pikel hits you with a +2 whip of flaming. x2
* * * LOW HITPOINT WARNING * * *
Pikel burns you.
* * * LOW HITPOINT WARNING * * *
You miss Pikel.
Pikel is moderately wounded.
You block Pikel's attack.
You slash Pikel!
Pikel is heavily wounded.
Pikel completely misses you. You furiously retaliate!
You headbutt Pikel. You closely miss Pikel.
Pikel is heavily wounded.
Pikel drinks a potion.
Pikel is healed!
You slash Pikel!
Pikel is severely wounded.
Pikel hits you with a +2 whip of flaming.
* * * LOW HITPOINT WARNING * * *
You closely miss Pikel.
Pikel is severely wounded.
Pikel zaps a wand.
The bolt of dispelling energy hits you!
Your magical effects are unravelling.
* * * LOW HITPOINT WARNING * * *
Pikel hits you with a +2 whip of flaming!
You die...

##....####.....####.
#....## #.....##. .#
##..### ###.........
#...### ##....#..#
###...######....##..#
##...#.#.........##
#............≈≈.§≈
####..........≈#'#
###.#...........@K5+
#.....##........§#'#
#..######.......§≈.≈§
#. ##.........(§.. #
##.....§#§.(...
##....##....(.
###....$.####
.<##...# .# #.


You could see Pikel and a lemure.

Vanquished Creatures
  3 lemures
  A jelly (D:3)
  Crazy Yiuf (D:2)
  7 adders
  A worm (D:3)
  A dart slug (D:3)
  An orc (D:3)
  4 ball pythons
  3 bats
  6 endoplasms
  A giant cockroach (D:1)
  2 goblins
  5 hobgoblins
  4 jackals
  A quokka (D:1)
  3 frilled lizards
  5 kobolds
  8 rats
57 creatures vanquished.

Vanquished Creatures (others)
  35 plants (D:1)
35 creatures vanquished.

Grand Total: 92 creatures vanquished

Notes
Turn   | Place    | Note
-------+----------+-------------------------------------------
     0 | D:1      | apoch the Minotaur Fighter began the quest for the Orb.
     0 | D:1      | Reached XP level 1. HP: 19/19 MP: 0/0
    59 | D:1      | Reached skill level 3 in Axes
    92 | D:1      | Reached XP level 2. HP: 26/26 MP: 1/1
   433 | D:1      | Reached skill level 4 in Axes
   816 | D:2      | Reached XP level 3. HP: 30/31 MP: 2/2
  1119 | D:2      | Reached skill level 5 in Axes
  1135 | D:2      | Reached XP level 4. HP: 32/39 MP: 3/3
  1211 | D:2      | Found a shimmering altar of Xom.
  1409 | D:2      | Found a runed translucent door.
  1410 | D:2      | Noticed Crazy Yiuf
  1420 | D:2      | Killed Crazy Yiuf
  1580 | D:3      | Reached skill level 6 in Axes
  1582 | D:3      | Reached XP level 5. HP: 29/45 MP: 4/4
  2209 | D:3      | Found a faded altar of an unknown god.
  2881 | D:4      | Found a runed translucent gate.
  2881 | D:4      | Found a runed translucent gate.
  2881 | D:4      | Found a runed translucent gate.
  2882 | D:4      | Noticed ChongLi's ghost (amateur DgAE)
  2886 | D:4      | Noticed a lemure
  2886 | D:4      | Noticed a lemure
  2906 | D:3      | Killed a lemure
  2908 | D:3      | Killed a lemure
  3216 | D:4      | Found Qoadefinlo's Assorted Antiques.
  3220 | D:4      | Noticed a lemure
  3228 | D:4      | Noticed Pikel
  3230 | D:4      | Noticed a lemure
  3230 | D:4      | Killed a lemure
  3242 | D:4      | HP: 2/45 [Pikel/bolt of dispelling energy (8)]
  3242 | D:4      | Slain by Pikel

Illustrated notes

Levels and vault maps discovered:
D:1:      roderic_crop_circles_arrival_small, layout_rooms
D:2:      layout_basic, basic_altar, uniq_crazy_yiuf_cottage
D:3:      layout_basic, dreamdust_ecumenical_altar_angels_and_demons
D:4:      layout_cave_pools, gammafunk_ghost_necromancy, serial_shops,
          kennysheep_mini_moat, uniq_pikel

Skill      XL: |  1  2  3  4 |
---------------+-------------+-----
Axes           | 3 4 5 6 |  6.8
Fighting       | |  3.6
Armour         | |  3.6
Shields        | |  3.6

Action                   |  1- 3 |  4- 6 || total
-------------------------+-------+-------++-------
Melee: War axe           |    80 |    67 ||   147
       Headbutt          |     6 |    11 ||    17
Throw: Stone             |    15 |    10 ||    25
       Javelin           |       |    15 ||    15
  Use: Potion            |       |     2 ||     2
Armor: Scale mail        |    34 |    15 ||    49
Dodge: Dodged            |    38 |    20 ||    58
Block: Buckler           |     9 |    12 ||    21
